[Event "ICC tourney 3188 (40 10)"]
[Site "Internet Chess Club"]
[Date "2023.05.06"]
[Round "2"]
[White "SHERNOFF, LEON:LeonShernoff"]
[Black "WILLY, STEPHEN:stephenwilly"]
[Result "0-1"]
[ICCResult "White resigns"]
[WhiteElo "1924"]
[BlackElo "2118"]
[Opening "English opening"]
[ECO "A13"]
[NIC "EO.64"]
[Time "13:27:15"]
[PlyCount "92"]
[TimeControl "2400+10"]

1. c4 e6 2. g3 g6 3. Bg2 Bg7 4. Nf3 c5 5. O-O Nc6 6. Nc3 Nge7 7. d3 O-O 8.
Be3 d6 9. d4 Nf5 10. d5 Nxe3 11. fxe3 Na5 12. Qd3 Re8 13. e4 exd5 14. exd5
a6 15. Rae1 b5 16. cxb5 axb5 17. Nxb5 Qb6 18. e4 c4+ 19. Qe3 Qxb5 20. e5
dxe5 21. Ng5 f6 22. Ne4 Ra6 23. d6 f5 24. Nc3 Qb6 25. Qxb6 Rxb6 26. Rd1 Bb7
27. Nd5 Rxb2 28. Rf2 Rxf2 29. Kxf2 e4 30. Bf1 c3 31. Nc7 e3+ 32. Ke1 c2 33.
Rc1 Bc3+ 34. Ke2 Rd8 35. Rxc2 Be5 36. Rc5 Nc6 37. Nb5 Nd4+ 38. Kxe3 f4+ 39.
gxf4 Nf5+ 40. Kf2 Bxf4 41. Bc4+ Kh8 42. Rc7 Ba6 43. a4 Bxb5 44. axb5 Nxd6
45. Be2 Ne4+ 46. Kf3 Bxc7 {White resigns} 0-1

[Event "ICC tourney 3188 (40 10)"]
[Site "Internet Chess Club"]
[Date "2023.05.06"]
[Round "2"]
[White "DINESH, ABINAV:abi2009"]
[Black "LIU, PATRICK PEIJUN:JunlinTheWorld"]
[Result "0-1"]
[ICCResult "White resigns"]
[WhiteElo "1966"]
[BlackElo "2203"]
[Opening "Sicilian: Taimanov variation"]
[ECO "B49"]
[NIC "SI.40"]
[Time "13:16:34"]
[PlyCount "138"]
[TimeControl "2400+10"]

1. e4 c5 2. Nf3 e6 3. d4 cxd4 4. Nxd4 Nc6 5. Nc3 Qc7 6. Be3 a6 7. Be2 Nf6 8.
O-O Bb4 9. Bg5 Bxc3 10. Bxf6 gxf6 11. bxc3 b5 12. a4 bxa4 13. Rxa4 Bb7 14.
Qd2 Ke7 15. Rfa1 Ne5 16. f3 Rhc8 17. R1a3 Qd6 18. Qe3 Qc5 19. f4 Ng6 20. Ra5
Qc7 21. e5 Rg8 22. Bf3 fxe5 23. fxe5 Nh4 24. g3 Bxf3 25. Nxf3 Qa7 26. Nd4
Qb7 27. Qf2 Qb1+ 28. Qf1 Qxf1+ 29. Kxf1 Ng6 30. Ke2 Rgb8 31. Nf3 Rb6 32. h4
h5 33. Ke3 Kd8 34. Ng5 Ke8 35. Ne4 Ke7 36. Kd4 Rb1 37. Kd3 Re1 38. c4 Rb8
39. Kd4 Rc1 40. Rc3 Rb6 41. Ra4 Rb2 42. Rxa6 Rbxc2 43. Rxc2 Rxc2 44. Ra7 Rc1
45. Ra2 Rb1 46. Rd2 Ra1 47. Nf6 Nxe5 48. Kxe5 Re1+ 49. Kf4 Rf1+ 50. Kg5 Rf5+
51. Kh6 Kxf6 52. Rxd7 Rf3 53. c5 Rxg3 54. c6 Rc3 55. c7 Rc5 56. Rd8 Rxc7 57.
Kxh5 Rc4 58. Rd3 e5 59. Rf3+ Ke6 60. Kg5 e4 61. Re3 f6+ 62. Kg6 f5 63. h5 f4
64. Re1 e3 65. h6 Ke5 66. Rd1 e2 67. Rd8 Rc6+ 68. Kg5 e1=Q 69. Re8+ Re6
{White resigns}
0-1

[Event "ICC tourney 3188 (40 10)"]
[Site "Internet Chess Club"]
[Date "2023.05.06"]
[Round "3"]
[White "XIA, JOSHUA:MathMonkey"]
[Black "GHOSH, PRARTHAN:PRGHO296"]
[Result "0-1"]
[ICCResult "White checkmated"]
[WhiteElo "1997"]
[BlackElo "1822"]
[Opening "French: Tarrasch, closed variation, main line"]
[ECO "C06"]
[NIC "FR.17"]
[Time "15:30:15"]
[PlyCount "128"]
[TimeControl "2400+10"]

1. e4 e6 2. d4 d5 3. Nd2 Nf6 4. e5 Nfd7 5. Bd3 c5 6. c3 Nc6 7. Ne2 cxd4 8.
cxd4 f6 9. exf6 Nxf6 10. O-O Bd6 11. Nf3 O-O 12. a3 Ne4 13. Ng3 e5 14. Nxe4
dxe4 15. Bxe4 Nxd4 16. Nxd4 exd4 17. g3 Qf6 18. Qd3 Bh3 19. Bg2 Bf5 20. Be4
Bh3 21. Bg2 Bf5 22. Qc4+ Be6 23. Bd5 Rae8 24. b4 Kh8 25. Bb2 Bh3 26. Bg2
Bxg2 27. Kxg2 Qf3+ 28. Kg1 Be5 29. Rae1 Bxg3 30. Qxd4 Bxf2+ 31. Qxf2 Qxf2+
32. Rxf2 Rxe1+ 33. Kg2 Rxf2+ 34. Kxf2 Rb1 35. Bd4 a6 36. Bc5 Rb3 37. a4 g6
38. a5 Kg7 39. Ke2 Rb2+ 40. Kd3 Rxh2 41. Kc4 Kf7 42. Kd5 Rd2+ 43. Ke5 h5 44.
Kf4 Rc2 45. Bd6 Rc4+ 46. Ke5 h4 47. Bc5 Rxc5+ 48. bxc5 h3 49. Kd6 h2 50. Kc7
h1=Q 51. Kb8 Qc1 52. Kxb7 Qxc5 53. Kxa6 Qc7 54. Kb5 Qa7 55. a6 Ke6 56. Ka5
Kd5 57. Kb5 g5 58. Ka5 Kc5 59. Ka4 Qxa6+ 60. Kb3 Qc4+ 61. Ka3 Qb5 62. Ka2
Kc4 63. Ka1 Kc3 64. Ka2 Qb2# {White checkmated} 0-1

[Event "ICC tourney 3188 (40 10)"]
[Site "Internet Chess Club"]
[Date "2023.05.06"]
[Round "3"]
[White "OPASKA, MICHAEL:mopaska1106"]
[Black "Cheng, Samuel:Samuel1001"]
[Result "0-1"]
[ICCResult "White resigns"]
[WhiteElo "1934"]
[BlackElo "1759"]
[Opening "Grünfeld: modern exchange variation"]
[ECO "D85"]
[NIC "GI.04"]
[Time "15:30:23"]
[PlyCount "54"]
[TimeControl "2400+10"]

1. d4 Nf6 2. c4 g6 3. Nc3 d5 4. cxd5 Nxd5 5. e4 Nxc3 6. bxc3 Bg7 7. Nf3 c5
8. Be3 Qa5 9. Qd2 Nc6 10. Rb1 a6 11. Rc1 O-O 12. h3 cxd4 13. cxd4 Qxd2+ 14.
Kxd2 Rd8 15. d5 e6 16. Bb6 Rd7 17. Bc4 Ne7 18. Rhd1 exd5 19. exd5 Nxd5 20.
Bxd5 Rxd5+ 21. Ke1 Rxd1+ 22. Kxd1 Bd7 23. Rc7 Bc6 24. Kc2 Re8 25. Kd1 Bf8
26. Ng5 Be7 27. Be3 h6 {White resigns} 0-1

[Event "ICC tourney 3188 (40 10)"]
[Site "Internet Chess Club"]
[Date "2023.05.06"]
[Round "3"]
[White "Pendse, Vihaan:awakeprize"]
[Black "JIN, JERRY:MysteryHunter"]
[Result "1-0"]
[ICCResult "Black resigns"]
[WhiteElo "2007"]
[BlackElo "1918"]
[Opening "Sicilian"]
[ECO "B50"]
[NIC "SI.01"]
[Time "15:30:24"]
[PlyCount "65"]
[TimeControl "2400+10"]

1. e4 c5 2. Nf3 d6 3. c3 Nf6 4. Be2 Nc6 5. d4 cxd4 6. cxd4 g6 7. Nc3 Bg7 8.
d5 Nb8 9. O-O O-O 10. h3 Nbd7 11. Be3 b6 12. Nd4 Bb7 13. Rc1 Nc5 14. Bf3 e5
15. dxe6 fxe6 16. b4 e5 17. bxc5 exd4 18. Bxd4 dxc5 19. Qb3+ Rf7 20. Bxf6
Qxf6 21. e5 Qe7 22. Bxb7 Qxb7 23. e6 Re7 24. Nd5 Rae8 25. Nxe7+ Qxe7 26.
Rfe1 Bd4 27. Qd5 Rd8 28. Qe4 b5 29. Rcd1 b4 30. Kh1 a5 31. Qc6 Rd6 32. Qxd6
Qxd6 33. e7 {Black resigns} 1-0

[Event "ICC tourney 3188 (40 10)"]
[Site "Internet Chess Club"]
[Date "2023.05.06"]
[Round "3"]
[White "INDUKURI, SUHAS VARMA:Suhas12"]
[Black "ARUTLA, ADITYA:adiaru27"]
[Result "0-1"]
[ICCResult "White checkmated"]
[WhiteElo "1832"]
[BlackElo "2096"]
[Opening "Sicilian: Labourdonnais-Löwenthal (Kalashnikov) variation"]
[ECO "B32"]
[NIC "SI.32"]
[Time "15:30:22"]
[PlyCount "88"]
[TimeControl "2400+10"]

1. e4 c5 2. Nf3 Nc6 3. d4 cxd4 4. Nxd4 e5 5. Nb5 d6 6. c4 a6 7. N5a3 Be7 8.
Nc3 f5 9. Bd3 f4 10. Nd5 Nf6 11. Bd2 O-O 12. Bc3 g6 13. O-O Nxd5 14. cxd5
Nd4 15. Bxd4 exd4 16. Nc2 f3 17. gxf3 Bh3 18. Nxd4 Bg5 19. Ne6 Bxe6 20. dxe6
Bf4 21. h3 Qh4 22. Kg2 Qg5+ 23. Kh1 Qh5 24. Kg2 Rfc8 25. b4 Qg5+ 26. Kh1 Qh4
27. Kg2 Be5 28. Rg1 Bxa1 29. Qxa1 Qe7 30. Rc1 Qg5+ 31. Kh2 Rxc1 32. Qxc1
Qxc1 33. h4 Qf4+ 34. Kg2 Re8 35. Bc4 Kg7 36. Bd5 b6 37. a4 Qxh4 38. Kf1 Rc8
39. b5 axb5 40. axb5 Rc1+ 41. Ke2 Qh1 42. e7 Qe1+ 43. Kd3 Qc3+ 44. Ke2 Re1#
{White checkmated}
0-1

[Event "ICC tourney 3188 (40 10)"]
[Site "Internet Chess Club"]
[Date "2023.05.06"]
[Round "3"]
[White "YAN, RUIYANG:jy2020"]
[Black "MAMMADOV, ZAUR:zaur94"]
[Result "0-1"]
[ICCResult "White resigns"]
[WhiteElo "2352"]
[BlackElo "2541"]
[Opening "French: Steinitz, Boleslavsky variation"]
[ECO "C11"]
[NIC "FR.04"]
[Time "15:30:07"]
[PlyCount "74"]
[TimeControl "2400+10"]

1. e4 e6 2. d4 d5 3. Nc3 Nf6 4. e5 Nfd7 5. f4 c5 6. Nf3 Nc6 7. Be3 Qb6 8.
Na4 Qa5+ 9. c3 b6 10. Bd2 c4 11. b4 Nxb4 12. cxb4 Bxb4 13. Qc2 Bxd2+ 14.
Nxd2 b5 15. Nc3 O-O 16. Rb1 Rb8 17. Be2 b4 18. Qa4 Qb6 19. Nf3 f6 20. f5
fxe5 21. fxe6 Qxe6 22. Rxb4 exd4 23. Rxb8 Nxb8 24. Nxd5 d3 25. Nc3 dxe2 26.
Ng5 Qg4 27. Nce4 Be6 28. Qc2 h6 29. Nxe6 Qxe6 30. Nd2 Rd8 31. h4 Nc6 32. Rh3
Nb4 33. Qxc4 Qxc4 34. Nxc4 Nd3+ 35. Kxe2 Nf4+ 36. Ke3 Nxh3 37. gxh3 Rd5
{White resigns}
0-1

[Event "ICC tourney 3188 (40 10)"]
[Site "Internet Chess Club"]
[Date "2023.05.06"]
[Round "3"]
[White "Pan, Zachary:panfeng1"]
[Black "GHOSH, YOHAN:luckylion"]
[Result "1/2-1/2"]
[ICCResult "Game drawn by mutual agreement"]
[WhiteElo "1726"]
[BlackElo "1845"]
[Opening "Sicilian: Nimzovich-Rossolimo attack (with ...g6, without ...d6)"]
[ECO "B31"]
[NIC "SI.31"]
[Time "15:30:23"]
[PlyCount "53"]
[TimeControl "2400+10"]

1. e4 c5 2. Nf3 Nc6 3. Bb5 g6 4. c3 Nf6 5. e5 Nd5 6. O-O Bg7 7. Re1 O-O 8.
d4 d6 9. exd6 exd6 10. dxc5 dxc5 11. Bxc6 bxc6 12. Nbd2 Rb8 13. Qa4 Qc7 14.
Nb3 Bf5 15. Qa5 Qxa5 16. Nxa5 Rfe8 17. Rxe8+ Rxe8 18. Nxc6 Nxc3 19. Nxa7
Ne2+ 20. Kh1 Nxc1 21. Rxc1 Ra8 22. Nc6 Rxa2 23. Ne7+ Kf8 24. Nxf5 gxf5 25.
Rxc5 Rxb2 26. Rxf5 Rxf2 27. Kg1 {Game drawn by mutual agreement} 1/2-1/2

[Event "ICC tourney 3188 (40 10)"]
[Site "Internet Chess Club"]
[Date "2023.05.06"]
[Round "3"]
[White "ZHAO, DANSON:K01-30127679"]
[Black "DINESH, ABINAV:abi2009"]
[Result "0-1"]
[ICCResult "White checkmated"]
[WhiteElo "1588"]
[BlackElo "1966"]
[Opening "Giuoco Pianissimo: Italian four knights variation"]
[ECO "C50"]
[NIC "IG.02"]
[Time "15:30:23"]
[PlyCount "130"]
[TimeControl "2400+10"]

1. e4 e5 2. Nf3 Nc6 3. Bc4 Bc5 4. Nc3 Nf6 5. d3 d6 6. h3 h6 7. O-O O-O 8.
Be3 Bb6 9. Re1 Na5 10. Bb3 Nxb3 11. axb3 Bd7 12. Bxb6 axb6 13. Rxa8 Qxa8 14.
d4 Re8 15. dxe5 dxe5 16. Nd5 Nxd5 17. Qxd5 Bc6 18. Qd3 Qc8 19. Qc3 Qe6 20.
Nh4 Kh7 21. Nf5 g6 22. Ng3 h5 23. Nf1 Rd8 24. Nh2 f6 25. Nf3 Kg7 26. Qe3 Qd6
27. Qc3 Qe7 28. Nh4 Kh7 29. Nf3 Rd6 30. Qe3 Qd7 31. Qc3 Rd1 32. Qe3 Qd6 33.
Qe2 Rxe1+ 34. Qxe1 Qc5 35. Qe2 b5 36. Qd3 Qd6 37. Qxd6 cxd6 38. Nd2 d5 39.
exd5 Bxd5 40. c4 Bc6 41. b4 bxc4 42. Nxc4 Kg7 43. f3 Bd5 44. Ne3 Be6 45. Kf2
Kf7 46. Ke2 Ke7 47. Kd3 b5 48. Nc2 Bf5+ 49. Kc3 Bxc2 50. Kxc2 Kd6 51. Kd3
Kd5 52. h4 g5 53. hxg5 fxg5 54. b3 g4 55. Ke3 gxf3 56. Kxf3 Kd4 57. Kg3 e4
58. Kh4 e3 59. Kxh5 e2 60. g4 e1=Q 61. g5 Qe8+ 62. g6 Ke5 63. Kh6 Kf6 64.
Kh7 Qxg6+ 65. Kh8 Qg7# {White checkmated} 0-1

[Event "ICC tourney 3188 (40 10)"]
[Site "Internet Chess Club"]
[Date "2023.05.06"]
[Round "3"]
[White "LI, MASON JIN:iamlifamily"]
[Black "CHINNI, RISHABH:alphachesplayer"]
[Result "0-1"]
[ICCResult "White checkmated"]
[WhiteElo "1830"]
[BlackElo "1987"]
[Opening "Giuoco Piano"]
[ECO "C50"]
[NIC "IG.02"]
[Time "15:30:20"]
[PlyCount "138"]
[TimeControl "2400+10"]

1. e4 e5 2. Nf3 Nc6 3. Bc4 Bc5 4. O-O Nf6 5. Nc3 O-O 6. d3 h6 7. h3 a6 8. a4
d6 9. Ne2 Re8 10. c3 Ba7 11. Ng3 d5 12. exd5 Nxd5 13. Re1 Nf6 14. Qb3 Qe7
15. a5 Be6 16. Qxb7 Bxc4 17. dxc4 Qc5 18. Be3 Qxc4 19. Nd2 Qb5 20. Qxb5 axb5
21. Bxa7 Rxa7 22. b4 Nd5 23. Nde4 g6 24. Rad1 Nce7 25. Ne2 f5 26. Nc5 c6 27.
f3 Kf7 28. Rd3 Nc8 29. Ng3 Nd6 30. Nf1 Nc4 31. Nd2 Nb2 32. g4 Nxd3 33. Nxd3
Rae7 34. a6 Nxc3 35. Nc5 Na4 36. Nb7 Ra8 37. Nb3 Rxa6 38. Nd6+ Kf6 39. Nc5
Nxc5 40. bxc5 Ra3 41. f4 exf4 42. Ne8+ Kf7 43. Nd6+ Kf8 44. Rxe7 Kxe7 45.
gxf5 gxf5 46. Nxf5+ Kf6 47. Nxh6 Rxh3 48. Ng4+ Kf5 49. Nf2 Rc3 50. Kf1 Rc1+
51. Ke2 Rc2+ 52. Kf1 Rxf2+ 53. Kxf2 b4 54. Ke2 b3 55. Kd3 f3 56. Kc3 f2 57.
Kxb3 f1=Q 58. Kb4 Qb5+ 59. Kc3 Qxc5+ 60. Kd3 Kf4 61. Ke2 Qe3+ 62. Kf1 c5 63.
Kg2 c4 64. Kh1 Qe4+ 65. Kh2 c3 66. Kg1 c2 67. Kf2 Qf3+ 68. Kg1 c1=Q+ 69. Kh2
Qg3# {White checkmated} 0-1

[Event "ICC tourney 3188 (40 10)"]
[Site "Internet Chess Club"]
[Date "2023.05.06"]
[Round "3"]
[White "LIU, PATRICK PEIJUN:JunlinTheWorld"]
[Black "LU, JOSHUA:qingjoshua"]
[Result "1/2-1/2"]
[ICCResult "Game drawn by repetition"]
[WhiteElo "2203"]
[BlackElo "2095"]
[Opening "Grünfeld: modern exchange variation"]
[ECO "D85"]
[NIC "GI.04"]
[Time "15:30:10"]
[PlyCount "133"]
[TimeControl "2400+10"]

1. d4 Nf6 2. c4 g6 3. Nc3 d5 4. cxd5 Nxd5 5. e4 Nxc3 6. bxc3 Bg7 7. Nf3 c5
8. Rb1 O-O 9. Be2 Qc7 10. O-O Nc6 11. Be3 Rd8 12. Qc2 b6 13. d5 Na5 14. c4
e5 15. Nd2 f5 16. f4 Nb7 17. exf5 Bxf5 18. Bd3 Nd6 19. fxe5 Bxe5 20. Nf3
Bxd3 21. Qxd3 Nf5 22. Bd2 Re8 23. Rbe1 Bd4+ 24. Kh1 Bf6 25. Bc3 Bxc3 26.
Qxc3 Qg7 27. Qd2 Nd6 28. Qf4 Qf8 29. Qh4 Rxe1 30. Rxe1 Re8 31. Re6 Rxe6 32.
dxe6 Nf5 33. Qe4 Qd8 34. g3 Qd1+ 35. Kg2 Qc2+ 36. Qxc2 Ne3+ 37. Kf2 Nxc2 38.
Ne5 Kf8 39. Nc6 Na3 40. Nxa7 Nxc4 41. Nc8 b5 42. Ke2 Ne5 43. e7+ Ke8 44.
Nd6+ Kxe7 45. Nxb5 Kd7 46. Nc3 Kc6 47. a4 c4 48. h4 Kc5 49. a5 Nc6 50. a6
Kb6 51. Ne4 Kxa6 52. Nd6 Ne5 53. Ke3 c3 54. Ne4 c2 55. Kd2 Kb5 56. Kxc2 Kc4
57. Kd2 Kd4 58. Ng5 h6 59. Ne6+ Ke4 60. Ke2 Kf5 61. Nd4+ Kg4 62. Kf2 Nd3+
63. Kg2 Ne1+ 64. Kf2 Nd3+ 65. Kg2 Ne1+ 66. Kf2 Nd3+ 67. Kg2
{Game drawn by repetition}
1/2-1/2

[Event "ICC tourney 3188 (40 10)"]
[Site "Internet Chess Club"]
[Date "2023.05.06"]
[Round "3"]
[White "Belous, Vladimir:Openyagami"]
[Black "SHEEHAN, ETHAN THOMAS:Chessking2008"]
[Result "1/2-1/2"]
[ICCResult "Game drawn by mutual agreement"]
[WhiteElo "2594"]
[BlackElo "2317"]
[Opening "English: symmetrical variation"]
[ECO "A30"]
[NIC "EO.34"]
[Time "15:30:14"]
[PlyCount "101"]
[TimeControl "2400+10"]

1. c4 c5 2. Nf3 Nc6 3. Nc3 g6 4. e3 Nf6 5. d4 cxd4 6. exd4 d5 7. cxd5 Nxd5
8. Bc4 Nb6 9. Bb3 Bg7 10. d5 Na5 11. O-O O-O 12. Be3 Bg4 13. Re1 Nac4 14.
Bxb6 Nxb6 15. h3 Bxc3 16. bxc3 Bxf3 17. Qxf3 Rc8 18. Rad1 Qd6 19. Rd4 Rc7
20. Qe3 Rfc8 21. Qh6 Qf6 22. d6 exd6 23. Rde4 Qd8 24. Rh4 Qf6 25. Qxh7+ Kf8
26. Rhe4 g5 27. R4e3 Rxc3 28. Re7 d5 29. Rxb7 Rc1 30. Re7 a5 31. a4 Rxe1+
32. Rxe1 Rc3 33. Bd1 Rc1 34. Qd3 Kg7 35. Qd2 Ra1 36. Qxa5 Qd4 37. Bb3 Nc4
38. Qb4 Qb2 39. Rxa1 Qxa1+ 40. Kh2 Qe5+ 41. g3 Qb2 42. Kg1 Nd2 43. Qg4 Nxb3
44. Qxg5+ Kf8 45. Qd8+ Kg7 46. Qg5+ Kf8 47. Qxd5 Qa1+ 48. Kg2 Qxa4 49. h4
Nd4 50. Qd8+ Kg7 51. Qg5+ {Game drawn by mutual agreement} 1/2-1/2

[Event "ICC tourney 3188 (40 10)"]
[Site "Internet Chess Club"]
[Date "2023.05.06"]
[Round "3"]
[White "ZHUGE, KATHERINE:FlowingMelody"]
[Black "Ozturk, Serkan:Serkanozt77"]
[Result "1/2-1/2"]
[ICCResult "Game drawn by repetition"]
[WhiteElo "1562"]
[BlackElo "1844"]
[Opening "Ruy Lopez: old Steinitz defense"]
[ECO "C62"]
[NIC "RL.02"]
[Time "15:37:35"]
[PlyCount "70"]
[TimeControl "2400+10"]

1. e4 e5 2. Nf3 Nc6 3. Bb5 d6 4. d4 exd4 5. Nxd4 Bd7 6. Nc3 a6 7. Ba4 Be7 8.
O-O Nxd4 9. Bxd7+ Qxd7 10. Qxd4 Bf6 11. Qd3 Ne7 12. Rd1 O-O 13. Bf4 Ng6 14.
Bg3 h5 15. h3 h4 16. Bh2 Ne5 17. Qd5 Rae8 18. Rab1 g5 19. Qxb7 g4 20. Nd5
Bd8 21. Qb3 Kh7 22. Kh1 Rg8 23. Rg1 gxh3 24. gxh3 Ng6 25. Qf3 Rg7 26. c3 Qe6
27. Rbe1 Rf8 28. Qh5+ Kg8 29. Qf5 Kh7 30. Qh5+ Kg8 31. Qf5 Kh7 32. Qh5+ Kg8
33. Qf5 Kh7 34. Qh5+ Kg8 35. Qf5 Kh7 {Game drawn by repetition} 1/2-1/2

[Event "ICC tourney 3188 (40 10)"]
[Site "Internet Chess Club"]
[Date "2023.05.06"]
[Round "3"]
[White "VALE CRUZ, ARMIN:trucker"]
[Black "SHERNOFF, LEON:LeonShernoff"]
[Result "0-1"]
[ICCResult "White forfeits on time"]
[WhiteElo "1784"]
[BlackElo "1924"]
[Opening "Ruy Lopez: closed, Breyer, Borisenko variation"]
[ECO "C95"]
[NIC "RL.25"]
[Time "15:30:17"]
[PlyCount "86"]
[TimeControl "2400+10"]

1. e4 e5 2. Nf3 Nc6 3. Bb5 a6 4. Ba4 Nf6 5. O-O Be7 6. Re1 b5 7. Bb3 O-O 8.
c3 d6 9. h3 Nb8 10. d4 Nbd7 11. Nbd2 Bb7 12. Bc2 Re8 13. Nf1 Bf8 14. Ng3 g6
15. b3 Bg7 16. Bb2 c5 17. d5 c4 18. bxc4 bxc4 19. Ba3 Nb6 20. Rb1 Qc7 21.
Bc1 Rab8 22. Be3 Nfd7 23. h4 Nc5 24. h5 Bc8 25. Qd2 Bd7 26. Bh6 Nba4 27.
Bxg7 Kxg7 28. h6+ Kg8 29. Qg5 Rxb1 30. Rxb1 Qd8 31. Rb8 Qxg5 32. Rxe8+ Bxe8
33. Nxg5 Nxc3 34. a3 Nb5 35. Nf3 Nxa3 36. Ne1 a5 37. f3 Nb3 38. Ne2 Nd4 39.
Bd1 Nab5 40. Kf2 Nb3 41. Ke3 a4 42. Nc2 a3 43. Nb4 Kf8 {White forfeits on
time} 0-1

[Event "ICC tourney 3188 (40 10)"]
[Site "Internet Chess Club"]
[Date "2023.05.06"]
[Round "3"]
[White "Volkov, Sergey:Volkov"]
[Black "IVANOV, ALEXANDER:marble"]
[Result "0-1"]
[ICCResult "White checkmated"]
[WhiteElo "2503"]
[BlackElo "2488"]
[Opening "Nimzo-Indian: Kmoch variation"]
[ECO "E20"]
[NIC "NI.30"]
[Time "15:30:21"]
[PlyCount "72"]
[TimeControl "2400+10"]

1. d4 Nf6 2. c4 e6 3. Nc3 Bb4 4. f3 d5 5. a3 Be7 6. e4 dxe4 7. Bf4 e3 8.
Bxe3 O-O 9. f4 Nbd7 10. Qf3 c5 11. O-O-O cxd4 12. Bxd4 Qa5 13. Qg3 Nh5 14.
Qf2 Nxf4 15. g3 Nh5 16. Nf3 Nhf6 17. Qc2 e5 18. Bg1 Nb6 19. Ng5 g6 20. Bd3
Bg4 21. Re1 Rac8 22. h3 Bd7 23. Bxb6 axb6 24. Kb1 b5 25. Nxb5 Bxb5 26. Rxe5
Bc5 27. Rf1 Ba4 28. Qe2 Qb6 29. h4 Rce8 30. Nf3 Bxa3 31. h5 Nxh5 32. Ng5
Bxb2 33. c5 Qb4 34. Rxe8 Bc3+ 35. Kc1 Qa3+ 36. Kb1 Qa1# {White checkmated}
0-1

[Event "ICC tourney 3188 (40 10)"]
[Site "Internet Chess Club"]
[Date "2023.05.06"]
[Round "3"]
[White "WILLY, STEPHEN:stephenwilly"]
[Black "KOEHL, EVAN:MacAndSneeze"]
[Result "1-0"]
[ICCResult "Black forfeits on time"]
[WhiteElo "2118"]
[BlackElo "2037"]
[Opening "Caro-Kann: anti-anti-Caro-Kann defense"]
[ECO "B10"]
[NIC "CK.01"]
[Time "15:30:04"]
[PlyCount "123"]
[TimeControl "2400+10"]

1. e4 c6 2. c4 d5 3. cxd5 cxd5 4. exd5 Nf6 5. Nc3 Nxd5 6. Qb3 Nb6 7. d4 e6
8. Nf3 Nc6 9. Be3 Be7 10. Rd1 Nd5 11. Bd3 Qb6 12. Bc4 Nxe3 13. fxe3 Qxb3 14.
Bxb3 O-O 15. O-O Na5 16. Nd2 b6 17. Bc2 Ba6 18. Rf3 Rac8 19. Bb1 Bb4 20. e4
Rfd8 21. Bd3 Bb7 22. Ne2 Rc7 23. Kf2 f5 24. exf5 Bxf3 25. Nxf3 exf5 26. Bxf5
g6 27. Be4 Re7 28. Bd3 Kg7 29. h4 Nc6 30. Rc1 Na5 31. h5 Rf7 32. a3 Bd6 33.
b4 Nb7 34. Rc6 g5 35. Kg1 Rdf8 36. h6+ Kh8 37. Nc3 g4 38. Ng5 Re7 39. Nce4
Bf4 40. Ne6 Be3+ 41. Kh2 Rfe8 42. Ng7 Rd8 43. Nf5 Bf4+ 44. g3 Rf7 45. gxf4
Rxf5 46. Ng5 Rxf4 47. Rc7 Nd6 48. Rxh7+ Kg8 49. Rg7+ Kh8 50. Ne6 Rf2+ 51.
Kg1 Rd2 52. Nf4 Rd1+ 53. Kg2 Rd2+ 54. Be2 Rxe2+ 55. Nxe2 Nf5 56. Rxa7 Nxd4
57. Nf4 Rd6 58. Kg3 Rxh6 59. Kxg4 Rc6 60. Kh5 Nf5 61. Ng6+ Kg8 62. Kg5
{Black forfeits on time}
1-0

[Event "ICC tourney 3188 (40 10)"]
[Site "Internet Chess Club"]
[Date "2023.05.06"]
[Round "4"]
[White "GHOSH, PRARTHAN:PRGHO296"]
[Black "WILLY, STEPHEN:stephenwilly"]
[Result "0-1"]
[ICCResult "White resigns"]
[WhiteElo "1822"]
[BlackElo "2118"]
[Opening "Queen's pawn, Mason variation"]
[ECO "D00"]
[NIC "QP.08"]
[Time "17:46:58"]
[PlyCount "40"]
[TimeControl "2400+10"]

1. d4 d5 2. Bf4 Nf6 3. e3 c5 4. c3 Nc6 5. Nd2 e6 6. Ngf3 Bd6 7. Ne5 O-O 8.
Bg3 Bxe5 9. dxe5 Nd7 10. f4 f6 11. Nf3 fxe5 12. Nxe5 Ndxe5 13. fxe5 c4 14.
Be2 Qg5 15. Bf4 Qxg2 16. Kd2 d4 17. cxd4 Nxd4 18. exd4 Rxf4 19. Kc1 Bd7 20.
Rg1 Qe4 {White resigns} 0-1

[Event "ICC tourney 3188 (40 10)"]
[Site "Internet Chess Club"]
[Date "2023.05.06"]
[Round "4"]
[White "Pan, Zachary:panfeng1"]
[Black "MARKOVIC, GORAN:Goran21"]
[Result "0-1"]
[ICCResult "White resigns"]
[WhiteElo "1726"]
[BlackElo "2049"]
[Opening "Sicilian: Canal-Sokolsky attack, 3...Bd7"]
[ECO "B52"]
[NIC "SI.01"]
[Time "17:45:09"]
[PlyCount "94"]
[TimeControl "2400+10"]

1. e4 c5 2. Nf3 d6 3. Bb5+ Bd7 4. Bxd7+ Nxd7 5. O-O Ngf6 6. Qe2 e5 7. d3 g6
8. c3 Bg7 9. h3 O-O 10. Be3 d5 11. exd5 Nxd5 12. Bd2 Re8 13. Re1 h6 14. Na3
N7b6 15. Nc4 Nxc4 16. dxc4 Nc7 17. Rad1 Qf6 18. Nh2 h5 19. Qf3 Qa6 20. Nf1
Rab8 21. Bc1 Re7 22. b3 Qxa2 23. Bg5 f6 24. Bxf6 Rf7 25. Qe4 Rxf6 26. Rd2
Qxb3 27. Rd7 Ne8 28. Ne3 Qb2 29. f3 Qxc3 30. Nd5 Qd4+ 31. Qxd4 cxd4 32.
Nxf6+ Bxf6 33. Ra1 a6 34. Rb1 b5 35. c5 Rc8 36. Rc1 b4 37. Rb7 Bg5 38. Rb1
a5 39. Rb5 d3 40. Rxa5 d2 41. Kf2 Nf6 42. Raa1 Rxc5 43. Rxb4 Rc1 44. Ra8+
Ne8 45. Rxe8+ Kf7 46. Ra8 d1=Q 47. Rb7+ Be7 {White resigns} 0-1

[Event "ICC tourney 3188 (40 10)"]
[Site "Internet Chess Club"]
[Date "2023.05.06"]
[Round "4"]
[White "SHERNOFF, LEON:LeonShernoff"]
[Black "Pendse, Vihaan:awakeprize"]
[Result "1/2-1/2"]
[ICCResult "Game drawn by repetition"]
[WhiteElo "1924"]
[BlackElo "2007"]
[Opening "English opening"]
[ECO "A13"]
[NIC "RE.11"]
[Time "17:47:22"]
[PlyCount "42"]
[TimeControl "2400+10"]

1. c4 e6 2. g3 d5 3. Bg2 Nf6 4. Nf3 c5 5. O-O Be7 6. d4 dxc4 7. dxc5 Qxd1 8.
Rxd1 Nc6 9. Na3 Bxc5 10. Nxc4 O-O 11. Bf4 Ne4 12. e3 a5 13. Nd6 Bxd6 14.
Bxd6 Nxd6 15. Rxd6 Ra6 16. Rad1 g6 17. Kf1 Nb4 18. Rd8 Nc6 19. R8d6 Nb4 20.
Rd8 Nc6 21. R8d6 Nb4 {Game drawn by repetition} 1/2-1/2

[Event "ICC tourney 3188 (40 10)"]
[Site "Internet Chess Club"]
[Date "2023.05.06"]
[Round "4"]
[White "OPASKA, MICHAEL:mopaska1106"]
[Black "LI, MASON JIN:iamlifamily"]
[Result "0-1"]
[ICCResult "White resigns"]
[WhiteElo "1934"]
[BlackElo "1830"]
[Opening "QGD Slav: Dutch variation"]
[ECO "D18"]
[NIC "SL.05"]
[Time "17:45:12"]
[PlyCount "66"]
[TimeControl "2400+10"]

1. d4 d5 2. c4 c6 3. Nc3 Nf6 4. Nf3 dxc4 5. a4 Bf5 6. e3 e6 7. Bxc4 Bb4 8.
O-O Nbd7 9. Bd3 Bg4 10. e4 O-O 11. e5 Nd5 12. Ne4 c5 13. Bg5 Qb6 14. h3 Bh5
15. Ng3 Bg6 16. Bb5 Nb8 17. Bc4 Nc7 18. Be7 Re8 19. Bd6 Nc6 20. d5 exd5 21.
Bxd5 Rad8 22. Bxc6 Qxc6 23. Nh4 c4 24. Nhf5 Ne6 25. Qg4 Bxd6 26. exd6 h5 27.
Nxh5 Bxh5 28. Qxh5 Qxg2+ 29. Kxg2 Nf4+ 30. Kh2 Nxh5 31. Rad1 g6 32. d7 Re5
33. f4 Re2+ {White resigns} 0-1